 Dungeon Crawl Stone Soup version 0.28-a0-863-g8cecda6153 (webtiles) character file.

Game seed: 6835300122102212477

191 mcbry74 the Chiller (level 5, -1/35 HPs)
             Began as a Merfolk Ice Elementalist on Nov 18, 2021.
             Succumbed to a kobold brigand's curare-tipped dart
             ... on level 4 of the Dungeon.
             The game lasted 00:22:33 (4305 turns).

mcbry74 the Chiller (Merfolk Ice Elementalist)      Turns: 4305, Time: 00:22:34

Health: -1/35      AC:  2    Str:  8    XL:     5   Next: 70%
Magic:  3/10       EV: 12    Int: 15    God:
Gold:   135        SH:  0    Dex: 15    Spells: 2/11 levels left

rFire   . . .      SeeInvis .   b - +0 dagger
rCold   . . .      Faith    .   (no shield)
rNeg    + . .      Spirit   .   a - +0 robe
rPois   .          Reflect  .   (no helmet)
rElec   .          Harm     .   (no cloak)
rCorr   .          Rampage  .   (no gloves)
Will    .....                   (no boots)
Stlth   ++........              (no amulet)
HPRegen 0.11/turn               c - ring of positive energy
MPRegen 0.12/turn               (no ring)

@: lethally poisoned (-1 -> -5), confusing by touch, slowed, very slow
A: (nimble swimmer 2), mertail
a: no special abilities


You were on level 4 of the Dungeon.
You visited 1 branch of the dungeon, and saw 4 of its levels.

You collected 159 gold pieces.
You spent 24 gold pieces at shops.

Inventory:

Hand Weapons
 b - a +0 dagger (weapon)
Missiles
 f - 2 silver boomerangs
 k - 10 boomerangs
 n - 17 poisoned darts
Armour
 a - a +0 robe (worn)
Jewellery
 c - a ring of positive energy (left hand)
Wands
 l - a wand of iceblast (8)
Scrolls
 j - a scroll of vulnerability {unknown}
 m - a scroll of immolation {unknown}
 o - a scroll of teleportation {unknown}
 q - a scroll of fog {unknown}
Potions
 d - a potion of ambrosia
 e - 2 potions of heal wounds
 g - a potion of attraction {unknown}
 h - a potion of curing {unknown}
 i - 2 potions of lignification {unknown}
 p - a potion of invisibility {unknown}


   Skills:
 - Level 2.6 Dodging
 - Level 2.1 Stealth
 + Level 3.5 Spellcasting
 + Level 2.3 Hexes
 + Level 5.7 Ice Magic


You had 2 spell levels left.
You knew the following spells:

 Your Spells              Type           Power      Damage    Failure   Level
a - Freeze                Ice            76%        1d9       1%          1
b - Confusing Touch       Hex            9%         N/A       22%         3
c - Hailstorm             Conj/Ice       11%        3d5       50%         4
d - Slow                  Hex            36%        N/A       8%          1

Your spell library contained the following spells:

 Spells                   Type           Power      Damage    Failure   Level
 Frozen Ramparts          Ice            38%        1d5       5%          3
 Ozocubu's Armour         Ice            19%        N/A       5%          3
 Yara's Violent Unravell  Hex/Tmut       3%         3d4       97%         5


Dungeon Overview and Level Annotations

Branches:
Dungeon (4/15)
 Temple: D:4-7

Altars:

Shops:
D:1 [   D:2 :?


Innate Abilities, Weirdness & Mutations

((You are quick and stealthy near water. (Stealth+, EV+, Speed+++)))
Your lower body shifts to a powerful aquatic tail in water.


Message History

The kobold brigand is moderately wounded.
You feel very sick.
You feel sick.
The kobold brigand throws a curare-tipped dart.
The curare-tipped dart hits you.
You are more poisoned.
You have difficulty breathing.
You feel as though you will be slow longer.
The kobold brigand throws a curare-tipped dart.
The curare-tipped dart barely misses you.
You feel very sick.
The kobold brigand throws a curare-tipped dart.
The curare-tipped dart closely misses you.
* * * LOW HITPOINT WARNING * * *
You feel very sick.
The kobold brigand completely misses you.
The kobold brigand barely misses you.
Casting: Hailstorm (extremely dangerous; 50% risk of failure)
Confirm with . or Enter, or press ? or * to list all spells.
Aiming: Freeze (safe; 1% risk of failure)
Press: ? - help, Shift-Dir - straight line, f - kobold brigand
Aim: a kobold brigand, wielding a +0 dagger and quivering curare-tipped darts (moderately wounded)
You freeze the kobold brigand.
The kobold brigand is moderately wounded.
* * * LOW HITPOINT WARNING * * *
You feel sick.
The kobold brigand hits you with a +0 dagger.
* * * LOW HITPOINT WARNING * * *
Casting: Freeze (safe; 1% risk of failure)
Confirm with . or Enter, or press ? or * to list all spells.
The spell is quite dangerous to cast (22% risk of failure)!
Continue anyway?
Okay, then.
Casting: Confusing Touch (quite dangerous; 22% risk of failure)
Confirm with . or Enter, or press ? or * to list all spells.
The spell is quite dangerous to cast (22% risk of failure)!
Continue anyway?
Your hands begin to glow red.
* * * LOW HITPOINT WARNING * * *
You feel sick. The kobold brigand misses you.
The kobold brigand barely misses you.
You die...

.......# #..
#..##..###(#
##...##...#.###
##.#..###...).##
#..##.......#..##
...##....#####..##
......##.....##..#
#.......####...#.######
..#####...###...@.....#
### ###.............# #
####...K.....#
#.........# ##....#####
####.# .. ##


You could see a kobold brigand.

Vanquished Creatures
  A scorpion (D:4)
  Natasha (D:4)
  5 adders
  4 orcs
  5 endoplasms
  A giant cockroach (D:1)
  9 goblins
  6 hobgoblins
  4 quokkas
  5 ball pythons
  5 bats
  3 frilled lizards
  10 kobolds
  2 rats
61 creatures vanquished.

Notes
Turn   | Place    | Note
-------+----------+-------------------------------------------
     0 | D:1      | mcbry74 the Merfolk Ice Elementalist began the quest for
                  | the Orb.
     0 | D:1      | Reached XP level 1. HP: 13/13 MP: 3/3
   637 | D:1      | Reached XP level 2. HP: 19/19 MP: 3/5
   837 | D:1      | Reached skill level 1 in Hexes
   932 | D:1      | Found Joogygi's Armour Emporium.
  1403 | D:2      | Reached XP level 3. HP: 20/24 MP: 3/6
  1571 | D:2      | Learned a level 3 spell: Confusing Touch
  1642 | D:2      | Reached skill level 5 in Ice Magic
  1802 | D:2      | Found Qufapaod's Magic Scroll Boutique.
  1808 | D:2      | Bought a scroll of identify for 24 gold pieces
  2670 | D:2      | Reached XP level 4. HP: 30/30 MP: 5/8
  3229 | D:2      | Found Waugaemo's Book Boutique.
  3252 | D:2      | Learned a level 4 spell: Hailstorm
  3463 | D:3      | Found a faded altar of an unknown god.
  3855 | D:4      | Learned a level 1 spell: Slow
  3861 | D:4      | Noticed a scorpion
  3870 | D:4      | Killed a scorpion
  3871 | D:4      | Reached XP level 5. HP: 17/35 MP: 4/10
  4006 | D:4      | Noticed Natasha
  4033 | D:4      | Killed Natasha
  4227 | D:4      | Noticed a black bear
  4296 | D:4      | Noticed a kobold brigand
  4304 | D:4      | HP: 1/35 [poisoned by a kobold brigand (curare-tipped
                  | dart)]
  4305 | D:4      | Succumbed to a kobold brigand's curare-tipped dart

Illustrated notes

Levels and vault maps discovered:
D:1:      elethiomel_arrival_infinity_welcomes_careful_drivers, layout_basic,
          serial_shops, shop_fountains
D:2:      minmay_evil_eye, layout_basic, serial_shops,
          nicolae_shop_behind_doors, shop, serial_rivers,
          chequers_serial_rivers_large_b, chequers_serial_rivers_micro_d,
          chequers_serial_rivers_marsh, chequers_serial_rivers_room_b,
          grunt_decor_one_mirror, guppyfry_early_orc_mine
D:3:      layout_rooms, hellmonk_ecumenical_altar_heavens_door
D:4:      layout_rooms, bloody_makhleb, nicolae_concentric_dashed_squares_wild,
          uniq_natasha, uniq_crazy_yiuf_cottage, uniq_blork_the_orc

Skill      XL: |  1  2  3  4 |
---------------+-------------+-----
Hexes          | 1 2 |  2.3
Ice Magic      | 5 |  5.7
Spellcasting   | 3 |  3.5
Dodging        | |  2.6
Stealth        | |  2.1

Action                   |  1- 3 |  4- 6 || total
-------------------------+-------+-------++-------
Melee: Dagger            |     2 |     8 ||    10
 Cast: Freeze            |    59 |    47 ||   106
       Confusing Touch   |       |     1 ||     1
       Hailstorm         |       |     1 ||     1
  Use: Scroll            |     2 |     1 ||     3
Armor: Robe              |     5 |     4 ||     9
Dodge: Dodged            |    17 |    35 ||    52

Table legend: (Time is in decaauts)
 A = Elapsed time spent in this place.
 B = Non-inter-level travel time spent in this place.
 C = Inter-level travel time spent in this place.
 D = Time resting spent in this place.
 E = Time spent auto-exploring this place.
 F = Levels seen in this place.
 G = Mean time per level.
                   A        B        C        D        E       F      G
               +--------+--------+--------+--------+--------+-----+--------+
         Total |   4274 |   4168 |    106 |   1384 |   1849 |   4 | 1068.5 |
       Dungeon |   4274 |   4168 |    106 |   1384 |   1849 |   4 | 1068.5 |
               +--------+--------+--------+--------+--------+-----+--------+

Top non-repeatable levels by time:
     D:2: 2097 daAuts
     D:1: 1273 daAuts
     D:4: 455 daAuts
     D:3: 447 daAuts
